Map: World of Sleepers LE

Players

Serral - Winner!

  • Race: Zerg Zerg
  • Spawn Location: 1:00

Zest

  • Race: Protoss Protoss
  • Spawn Location: 7:00

Event: IEM Katowice 2020

VOD

Have the link to the VOD?

Description

Time

  • Played on: March 1, 2020, 4:10 a.m.
  • Length: 10:15

All games in this series

Show
View Real Time Build Order
Export as new Build Order

Serral Zerg - Winner!

Build Orders: Hatch First 

Get SALT Encoding   

  12  0:00  Drone  
  13  0:12  Overlord  
  13  0:16  Drone  
  14  0:30  Drone x2  
  16  0:47  Hatchery  
  15  0:51  Drone  
  15  0:54  Drone  
  17  0:58  Drone  
  18  1:08  Extractor  
  17  1:13  Spawning Pool  
  17  1:16  Drone  
  17  1:19  Drone  
  18  1:27  Drone  
  19  1:38  Drone  
  20  1:48  Overlord  
  20  1:59  Queen x2  
  20  2:00  Zergling x4  
  26  2:10  Drone x2  
  26  2:11  Metabolic Boost  
  28  2:21  Drone x2  
  30  2:32  Hatchery  
  30  2:35  Drone  
  30  2:42  Queen  
  32  2:46  Overlord  
  32  2:49  Drone  
  34  2:51  Drone  
  34  2:53  Drone  
  34  2:56  Drone  
  35  3:06  Drone x2  
  35  3:07  Drone x2  
  35  3:10  Overlord  
  39  3:14  Zergling x2  
  39  3:16  Zergling x2  
  41  3:20  Queen  
  43  3:30  Drone x2  
  43  3:32  Lair  
  45  3:38  Drone x4  
  46  3:42  Drone  
  46  3:46  Spore Crawler  
  46  3:49  Zergling x2  
  46  3:54  Zergling x2  
  48  3:55  Drone x2  
  48  4:00  Roach Warren  
  48  4:02  Overlord  
  49  4:03  Drone  
  49  4:07  Zergling x4  
  52  4:10  Drone  
  53  4:18  Queen  
  53  4:20  Extractor, Drone x2  
  53  4:21  Drone  
  57  4:25  Drone  
  57  4:26  Drone x2  
  57  4:27  Extractor  
  59  4:31  Drone  
  59  4:32  Drone x4  
  59  4:36  Overlord  
  64  4:43  Drone x2  
  64  4:45  Overlord  
  66  4:54  Nydus Network, Drone  
  66  4:59  Roach x4  
  74  5:05  Overlord  
  74  5:08  Roach x3  
  74  5:10  Spore Crawler  
  79  5:15  Roach  
  79  5:17  Zergling x2  
  79  5:20  Overlord x2  
  82  5:21  Overlord  
  82  5:31  Nydus Canal  
  79  5:39  Zergling x14, Roach x3  
  87  5:45  Roach x3  
  87  5:49  Overseer  
  92  5:51  Roach  
  92  5:55  Roach  
  95  6:03  Zergling x4  
  93  6:05  Zergling x4  
  94  6:13  Drone x6  
  94  6:16  Spore Crawler  
  99  6:18  Ravager  
  99  6:19  Ravager x2  
  99  6:25  Overlord  
  102  6:27  Ravager, Drone x3  
  102  6:29  Queen  
  108  6:36  Ravager  
  108  6:37  Drone x3  
  112  6:46  Overlord x2  
  113  6:47  Ravager  
  113  6:55  Drone x2  
  113  6:56  Spore Crawler  
  113  6:58  Nydus Canal  
  111  7:02  Drone x2  
  111  7:08  Ravager  
  113  7:11  Drone x3  
  113  7:14  Drone  
  112  7:19  Ravager  
  112  7:22  Extractor x2  
  104  7:24  Extractor  
  99  7:31  Roach x5  
  99  7:35  Roach  
  104  7:44  Glial Reconstitution, Evolution Chamber  
  104  7:46  Zergling x6  
  106  7:57  Baneling Nest  
  106  7:58  Drone x3  
  106  7:59  Roach x5  
  106  8:04  Roach  
  106  8:05  Roach x3  
  126  8:11  Nydus Canal  
  126  8:13  Hatchery, Zerg Melee Weapons Level 1  
  126  8:19  Roach x3  
  125  8:26  Nydus Canal  
  125  8:27  Roach  
  125  8:28  Roach x3, Drone x2  
  125  8:30  Roach  
  134  8:34  Roach x2  
  134  8:36  Overlord x2  
  134  8:38  Overlord  
  133  8:43  Centrifical Hooks, Overlord x2  
  125  8:53  Zergling x12  
  129  8:59  Zergling x8  
  129  9:00  Zergling x4  
  135  9:08  Zergling x4  
  137  9:15  Baneling x8  
  137  9:16  Baneling x7  
  137  9:19  Zergling x12  
  143  9:25  Ravager x4  
  143  9:29  Nydus Canal  
  143  9:31  Zergling x12  
  153  9:40  Baneling x8  
  153  9:42  Zergling x6  
  153  9:45  Nydus Canal  
  153  9:53  Zergling x12  
  153  9:56  Zergling x6  
  153  9:59  Baneling x5  
  158  10:03  Nydus Canal  
Show
View Real Time Build Order
Export as new Build Order

Zest Protoss 

Build Orders: 1 Gate Expand, Oracle Opening, Chargelot Immortal 

Get SALT Encoding   

  12  0:00  Probe  
  13  0:12  Probe  
  14  0:17  Pylon  
  14  0:24  Probe (Chrono Boost)  
  14  0:27  Assimilator  
  15  0:36  Probe (Chrono Boost)  
  16  0:45  Probe (Chrono Boost)  
  16  0:46  Gateway  
  17  0:51  Probe  
  18  1:03  Probe  
  19  1:15  Probe  
  20  1:22  Nexus  
  20  1:33  Cybernetics Core  
  20  1:35  Probe  
  21  1:40  Assimilator  
  21  1:48  Probe  
  21  1:52  Pylon  
  22  2:00  Probe  
  23  2:07  Adept (Chrono Boost)  
  23  2:12  Stargate  
  23  2:13  Probe  
  26  2:18  Warp Gate  
  26  2:27  Probe (Chrono Boost)  
  27  2:30  Stalker  
  27  2:35  Probe (Chrono Boost)  
  30  2:43  Probe (Chrono Boost)  
  32  2:44  Probe (Chrono Boost)  
  32  2:49  Probe  
  32  2:50  Probe  
  33  2:52  Oracle (Chrono Boost)  
  37  3:01  Pylon  
  37  3:02  Probe x2  
  39  3:11  Gateway  
  39  3:15  Probe (Chrono Boost)  
  39  3:18  Probe (Chrono Boost)  
  41  3:22  Twilight Council  
  42  3:27  Probe (Chrono Boost)  
  42  3:32  Probe (Chrono Boost), Gateway  
  42  3:33  Probe (Chrono Boost)  
  44  3:39  Probe  
  45  3:42  Probe  
  45  3:44  Gateway  
  46  3:51  Probe  
  46  3:55  Probe  
  48  3:58  Pylon  
  48  4:00  Resonating Glaives (Chrono Boost)  
  48  4:03  Probe  
  49  4:10  Nexus  
  49  4:12  Pylon  
  49  4:17  Adept  
  49  4:18  Adept  
  49  4:20  Probe  
  54  4:24  Assimilator  
  54  4:27  Assimilator  
  54  4:30  Probe  
  55  4:38  Adept x2  
  55  4:39  Adept  
  55  4:43  Probe, Pylon  
  55  4:45  Pylon  
  62  5:03  Adept x2  
  62  5:04  Adept x2  
  62  5:05  Probe x2  
  72  5:09  Robotics Facility  
  72  5:17  Probe x2 (Chrono Boost)  
  74  5:22  Probe (Chrono Boost)  
  74  5:27  Robotics Facility  
  76  5:29  Probe (Chrono Boost), Pylon  
  76  5:31  Pylon  
  76  5:34  Probe (Chrono Boost)  
  75  5:35  Probe (Chrono Boost)  
  75  5:42  Sentry x3, Stalker  
  82  5:51  Gateway  
  82  5:53  Gateway  
  65  6:16  Probe x2  
  73  6:19  Immortal (Chrono Boost)  
  73  6:20  Immortal (Chrono Boost)  
  73  6:22  Pylon  
  73  6:24  Pylon  
  73  6:30  Shield Battery  
  73  6:32  Pylon  
  73  6:34  Shield Battery  
  73  6:38  Cybernetics Core  
  73  6:43  Immortal (Chrono Boost)  
  73  6:47  Sentry x4  
  78  6:51  Zealot x2  
  88  7:05  Immortal  
  85  7:26  Zealot x3  
  79  7:37  Zealot  
  89  7:44  Twilight Council, Observer (Chrono Boost)  
  89  7:45  Forge  
  89  7:46  Immortal (Chrono Boost)  
  89  7:51  Charge  
  86  7:55  Nexus  
  86  7:56  Probe x2, Pylon  
  88  8:02  Sentry  
  90  8:09  Sentry, Stalker  
  94  8:14  Probe x2  
  96  8:26  Probe x2  
  98  8:28  Stalker  
  98  8:29  Stalker  
  95  8:48  Pylon x2  
  91  8:51  Pylon, Stalker  
  93  8:58  Pylon  
  93  8:59  Nexus  
  93  9:02  Pylon  
  93  9:04  Gateway  
  93  9:05  Gateway  
  93  9:06  Immortal  
  93  9:09  Observer  
  101  9:14  Pylon  
  101  9:20  Gateway, Nexus  
  101  9:22  Gateway, Stalker  
  103  9:28  Immortal, Templar Archives  
  103  9:35  Zealot x2  
  107  9:48  Probe x2  
  107  10:06  Zealot x6  

Tags
 
Add a new tag
Caveats
  • Supply blocks, unpowered buildings, or Contaminate may cause inaccurate times.
  • Supply counts are checked every 10 seconds.